 Dungeon Crawl Stone Soup version 0.31-a0-806-g0bc164a743 (webtiles) character file.

Game seed: 4528748001997086986

88 lunkers the Insei (level 5, -1/40 HPs)
             Began as a Meteoran Shapeshifter on Sept 20, 2023.
             Slain by an orc
             ... wielding a +3 mace
              (3 damage)
             ... on level 3 of the Dungeon.
             The game lasted 00:03:56 (915 turns).

lunkers the Insei (Meteoran Shapeshifter)            Turns: 915, Time: 00:03:56

Health: -1/40      AC:  2    Str: 15    XL:     5   Next: 9%
Magic:  6/6        EV: 13    Int: 12    God:
Gold:   115        SH:  0    Dex: 21    Spells: 4/4 levels left

rFire   . .          .
                       - Unarmed
rCold   . . .        (no shield)
rNeg    . . .        a - +0 animal skin
rPois   .            (helmet currently unavailable)
rElec   .            (cloak currently unavailable)
rCorr   .            (gloves currently unavailable)
SInv    .            (boots currently unavailable)
Will    .....        (no amulet)
Stlth   +            k - +6 ring of dexterity
HPRegen 0.26/turn    (no ring)
MPRegen 0.10/turn

%: no passive effects
@: beast-form, glowing
A: beast (slay +2), sense surroundings 1, otherworldly, glowing, explore regen
a: Begin Untransformation


You were on level 3 of the Dungeon.
You were a hulking beast.
You visited 1 branch of the dungeon, and saw 3 of its levels.

You collected 115 gold pieces.

Inventory:

Armour
 a - a +0 animal skin (worn)
 i - a +1 pair of gloves
Jewellery
 k - a +6 ring of dexterity (left hand)
Talismans
 c - a beast talisman (active)
 d - a flux talisman
Scrolls
 f - a scroll of noise {unknown}
 g - a scroll of identify {unknown}
 h - a scroll of fear {unknown}
 j - a scroll of enchant weapon {unknown}
 m - a scroll of immolation {unknown}
 n - 2 scrolls of revelation {unknown}
 o - a scroll of fog {unknown}
Potions
 b - 2 potions of lignification
 e - a potion of heal wounds {unknown}
 l - 2 potions of curing {unknown}


   Skills:
 - Level 1.1 Fighting
 - Level 2.1 Dodging
 * Level 5.4 Unarmed Combat
 + Level 4.5 Shapeshifting


You had 4 spell levels left.
You didn't know any spells.
Your spell library was empty.

Dungeon Overview and Level Annotations

Branches:
Dungeon (3/15) Zot: 897

Altars:
Xom

Shops:
D:1 [


Innate Abilities, Weirdness & Mutations

You are a hulking beast.
Your limbs bulge with bestial killing power. (Slay +2)
You passively map a small area around you.
You are easily found by Zot.
You glow in the dark.
You regain HP and MP as you explore.


Message History

The orc wizard hits you with a +0 dagger.
You bump into the rock wall.
The orc wizard casts a spell at you. The puff of flame misses you.
You bump into the rock wall.
The orc wizard barely misses you.
You miss the orc wizard.
The orc wizard gestures at you while chanting.
The puff of flame misses you.
You bump into the rock wall.
The orc wizard points at you and mumbles some strange words.
You are more confused.
The orc wizard attacks as it pursues you!
The orc wizard barely misses you.
You hit the orc wizard.
The orc wizard is lightly wounded.
The orc wizard gestures at you while chanting.
The magic dart hits you!
* * * LOW HITPOINT WARNING * * *
The orc attacks as it pursues you! The orc hits you with a +3 mace.
* * * LOW HITPOINT WARNING * * *
You're too confused to move!
The orc wizard hits you with a +0 dagger.
* * * LOW HITPOINT WARNING * * *
The orc barely misses you.
You bump into the rock wall.
The orc wizard hits you with a +0 dagger.
* * * LOW HITPOINT WARNING * * *
The orc hits you with a +3 mace!
* * * LOW HITPOINT WARNING * * *
You bump into the rock wall.
The orc wizard hits you with a +0 dagger.
* * * LOW HITPOINT WARNING * * *
The orc hits you with a +3 mace!
* * * LOW HITPOINT WARNING * * *
You bump into the rock wall.
You feel less confused.
The orc wizard hits you with a +0 dagger.
* * * LOW HITPOINT WARNING * * *
The orc hits you with a +3 mace.
You die...

* * * +, #.....#.# ,
#####.#.# * *
#############.# #
..#........... .
..###.#.########.# *
#. ,....#.# ##.....# ,
* #. * #...# #..#####
,#.#####...###.##....
#..h..#.#.....##.### ,
,
,,#.oo#...#..#..##.#.#
, #.#o#......#.)...#..
, ,
#.#.##....##.>##...) *
,# #.##....##.....#..
, , ...##..##†.....###
, * #.. #..##..##.## #
** * ....####...##.# #
.# ##.. *##..###.# #


You could see an orc wizard and 2 orcs.

Vanquished Creatures
  2 adders
  2 worms
  A dart slug (D:2)
  3 endoplasms
  5 giant cockroaches
  6 hobgoblins
  7 jackals (D:2)
  2 quokkas
  7 ball pythons
  5 bats
  4 frilled lizards
  4 goblins
  7 kobolds
  2 rats (D:1)
57 creatures vanquished.

Notes
Turn   | Place    | Note
-------+----------+-------------------------------------------
     0 | D:1      | lunkers the Meteoran Shapeshifter began the quest for the
                  | Orb.
     0 | D:1      | Reached XP level 1. HP: 16/16 MP: 2/2
    40 | D:1      | Found Efonlug's Armour Boutique.
    53 | D:1      | Reached XP level 2. HP: 3/23 MP: 3/3
    55 | D:1      | Reached skill level 4 in Unarmed Combat
   183 | D:1      | Reached XP level 3. HP: 17/28 MP: 4/4
   435 | D:2      | Reached XP level 4. HP: 14/35 MP: 5/5
   443 | D:2      | Reached skill level 5 in Unarmed Combat
   757 | D:3      | Reached XP level 5. HP: 31/40 MP: 6/6
   814 | D:3      | Found a shimmering altar of Xom.
   915 | D:3      | HP: 2/40 [orc wizard/+0 dagger (1)]
   915 | D:3      | Slain by an orc

Illustrated notes

Levels and vault maps discovered:
D:1:      amcnicky_arrival_wind_blow, layout_basic, serial_shops, shop,
          chequers_serial_rivers_micro_e, minmay_hedge_maze
D:2:      layout_rooms, minmay_tromino_v4_b
D:3:      minmay_chambers_of_twos, layout_basic, lemuel_tele_altar,
          xom_teletrap_fun, minmay_misc_feat_x, kennysheep_generic_room_16

Skill      XL: |  1  2  3  4 |
---------------+-------------+-----
Unarmed Combat | 4 5 |  5.4
Shapeshifting  | 4 |  4.5
Fighting       | |  1.1
Dodging        | |  2.1

Action                     |  1- 3 |  4- 6 || total
---------------------------+-------+-------++-------
  Melee: Unarmed           |    83 |    65 ||   148
         Punch             |     1 |     1 ||     2
   Stab: Sleeping          |       |     1 ||     1
 Armour: Animal skin       |    65 |    31 ||    96
  Dodge: Dodged            |    76 |    42 ||   118

Table legend: (Time is in decaauts)
 A = Elapsed time spent in this place.
 B = Non-inter-level travel time spent in this place.
 C = Inter-level travel time spent in this place.
 D = Time resting spent in this place.
 E = Time spent auto-exploring this place.
 F = Levels seen in this place.
 G = Mean time per level.
                   A        B        C        D        E       F      G
               +--------+--------+--------+--------+--------+-----+--------+
         Total |    901 |    862 |     39 |      0 |    504 |   3 |  300.3 |
       Dungeon |    901 |    862 |     39 |      0 |    504 |   3 |  300.3 |
               +--------+--------+--------+--------+--------+-----+--------+

Top non-repeatable levels by time:
     D:1: 390 daAuts
     D:2: 299 daAuts
     D:3: 211 daAuts
